Map: [TLMC19] Crimson Court

Players

LiquidClem (Clem)

  • Race: Terran Terran
  • League: Master
  • Spawn Location: 1:00

DKZherO (herO) - Winner!

  • Race: Protoss Protoss
  • Spawn Location: 7:00

VOD

Have the link to the VOD?

Description

Time

  • Played on: Dec. 23, 2023, 11:08 a.m.
  • Length: 9:04
Show
View Real Time Build Order
Export as new Build Order

LiquidClem Terran 

Build Orders: Cyclone Opening, Reaper Expand 

Get SALT Encoding   

  12  0:00  SCV  
  13  0:12  SCV  
  14  0:17  Supply Depot  
  14  0:25  SCV  
  15  0:39  SCV, Barracks  
  16  0:43  Refinery  
  16  0:51  SCV  
  17  1:03  SCV  
  18  1:15  SCV  
  19  1:26  Reaper  
  19  1:27  Orbital Command  
  20  1:53  Command Center  
  20  1:54  SCV  
  20  1:58  Supply Depot  
  20  1:59  Marine  
  22  2:06  SCV  
  23  2:11  Factory  
  23  2:20  SCV, Marine  
  25  2:24  Bunker  
  25  2:32  SCV  
  25  2:36  Refinery  
  26  2:37  Marine  
  27  2:44  SCV  
  27  2:55  Cyclone, Marine  
  27  2:56  SCV  
  30  2:58  Bunker  
  30  3:05  Starport  
  30  3:08  SCV  
  30  3:13  Marine  
  30  3:20  SCV  
  29  3:27  Cyclone  
  29  3:33  Marine  
  32  3:38  Orbital Command  
  30  3:42  Viking  
  32  3:54  Barracks Reactor  
  32  3:56  Supply Depot, SCV  
  32  4:02  Cyclone  
  33  4:13  Viking  
  35  4:19  SCV  
  35  4:20  SCV  
  37  4:24  Supply Depot  
  37  4:31  SCV, Marine x2  
  38  4:35  Cyclone  
  42  4:44  Viking, Bunker  
  43  4:51  SCV x2  
  43  4:52  Marine  
  46  4:54  Marine  
  47  5:03  SCV x2  
  49  5:08  Supply Depot  
  49  5:10  Marine  
  50  5:15  SCV, Factory Tech Lab  
  50  5:17  Marine  
  50  5:19  Starport Tech Lab  
  52  5:22  Barracks  
  52  5:24  SCV  
  52  5:27  SCV, Marine  
  55  5:34  Siege Tank  
  58  5:36  SCV  
  58  5:38  Supply Depot  
  58  5:39  SCV, Marine  
  61  5:48  SCV  
  62  5:51  SCV  
  62  5:52  Raven  
  62  5:56  Barracks  
  65  6:00  SCV  
  65  6:03  Marine x2  
  65  6:04  SCV  
  69  6:05  Supply Depot  
  69  6:08  Refinery  
  69  6:11  Siege Tank  
  72  6:12  SCV  
  72  6:15  Engineering Bay  
  72  6:16  SCV  
  74  6:20  Supply Depot  
  74  6:24  SCV  
  75  6:26  Marine  
  75  6:28  SCV, Marine  
  78  6:34  Stimpack  
  78  6:36  SCV, Starport Reactor  
  78  6:38  Marauder  
  78  6:39  Refinery  
  81  6:42  SCV  
  82  6:47  Supply Depot  
  82  6:52  Marine  
  82  6:53  SCV  
  82  6:54  Factory Reactor  
  81  6:56  Marine  
  81  6:57  SCV  
  68  7:05  SCV, Marauder  
  68  7:06  Marauder, Bunker  
  73  7:09  SCV  
  73  7:14  Supply Depot, Marine  
  75  7:15  Combat Shield  
  75  7:17  SCV  
  75  7:22  Marine  
  77  7:29  Marine  
  61  7:30  Marauder  
  61  7:37  Widow Mine x2  
  55  7:38  Marine  
  55  7:42  Liberator  
  57  7:52  Liberator  
  57  7:58  Marine x2  
  54  8:02  Widow Mine  
  51  8:05  Widow Mine  
  51  8:08  Orbital Command  
  51  8:09  Marauder  
  49  8:15  Marauder  
  49  8:18  Marine  
  49  8:19  Marine  
  36  8:27  SCV  
  36  8:30  Marine  
  35  8:36  Marine x2  
  31  8:43  SCV  
Show
View Real Time Build Order
Export as new Build Order

DKZherO Protoss - Winner!

Build Orders:  

Get SALT Encoding   

  12  0:00  Probe  
  13  0:13  Pylon  
  13  0:18  Probe  
  14  0:31  Gateway  
  14  0:34  Probe (Chrono Boost)  
  15  0:41  Assimilator  
  15  0:47  Probe (Chrono Boost)  
  16  0:52  Probe (Chrono Boost)  
  16  0:56  Assimilator  
  17  1:01  Probe  
  18  1:13  Probe  
  19  1:22  Cybernetics Core  
  19  1:23  Pylon  
  19  1:25  Probe  
  20  1:38  Probe  
  21  1:50  Probe  
  22  1:56  Adept (Chrono Boost)  
  22  1:59  Stargate  
  24  2:02  Probe  
  24  2:04  Warp Gate  
  25  2:14  Probe  
  25  2:18  Adept (Chrono Boost)  
  27  2:25  Pylon  
  27  2:39  Adept  
  32  2:49  Void Ray (Chrono Boost)  
  30  3:24  Void Ray (Chrono Boost)  
  32  3:32  Nexus  
  32  3:41  Probe  
  32  3:47  Pylon  
  33  3:53  Probe  
  34  3:56  Stalker  
  38  4:08  Probe  
  39  4:11  Oracle (Chrono Boost)  
  34  4:20  Stalker, Probe  
  37  4:26  Gateway  
  37  4:30  Twilight Council  
  37  4:33  Probe  
  38  4:43  Stalker  
  38  4:45  Probe x2  
  42  4:57  Probe  
  42  4:58  Probe  
  44  5:00  Charge (Chrono Boost)  
  44  5:10  Gateway  
  44  5:13  Gateway  
  44  5:22  Stalker x2  
  48  5:29  Gateway  
  48  5:35  Probe x2  
  50  5:47  Probe  
  50  5:48  Pylon  
  50  5:49  Pylon  
  51  5:50  Gateway, Zealot  
  51  5:53  Zealot  
  55  6:08  Zealot x2  
  59  6:13  Zealot x2  
  63  6:20  Gateway  
  63  6:29  Zealot x2  
  63  6:30  Zealot  
  67  6:33  Zealot x2  
  67  6:37  Pylon  
  71  6:45  Pylon  
  71  6:54  Zealot x5  
  59  7:01  Zealot  
  61  7:14  Zealot x5  
  71  7:18  Zealot  
  45  7:39  Zealot x7  
  55  8:00  Zealot x6  
  51  8:22  Zealot x7  
  65  8:30  Probe  
  65  8:32  Probe  
  55  8:42  Assimilator  
  55  8:43  Assimilator  
  55  8:45  Probe x2  
Tags
 
Add a new tag
Caveats
  • Supply blocks, unpowered buildings, or Contaminate may cause inaccurate times.
  • Supply counts are checked every 10 seconds.